 Dungeon Crawl Stone Soup version 0.23-a0-448-g1c01f63 (console) character file.

113 utis the Vexing (level 4, -11/40 HPs)
             Began as a Deep Elf Arcane Marksman on Nov 19, 2018.
             Killed from afar by Ijyb (16 damage)
             ... with a wand of acid (3)
             ... on level 3 of the Dungeon.
             The game lasted 00:13:23 (4659 turns).

utis the Vexing (Deep Elf Arcane Marksman)          Turns: 4659, Time: 00:13:24

Health: -11/40     AC: 22    Str:  7    XL:     4   Next: 65%
Magic:  5/8        EV:  2    Int: 19    God:
Gold:   117        SH:  0    Dex: 15    Spells: 0/6 levels left

rFire    . . .     SeeInvis .   a - +0 shortbow
rCold    . . .     Gourm    .   (shield currently unavailable)
rNeg     + + +     Faith    .   (armour currently unavailable)
rPois    +         Spirit   .   (helmet currently unavailable)
rElec    .         Reflect  .   (cloak currently unavailable)
rCorr    .         Harm     .   (gloves currently unavailable)
MR       .....     NoTele   +   (boots currently unavailable)
Stlth    +.........             (no amulet)
HPRegen  0.13/turn              Z - ring of wizardry
MPRegen  0.11/turn              (no ring)

@: tree-form
A: no striking features
a: no special abilities


You were on level 3 of the Dungeon.
You were not hungry.
You were a tree.
You visited 1 branch of the dungeon, and saw 3 of its levels.

You collected 117 gold pieces.

Inventory:

Hand Weapons
 a - a +0 shortbow (weapon)
 b - a +0 spear
 c - a +0 hunting sling of freezing
 n - a +0 club
Missiles
 d - 22 arrows (quivered)
 h - 35 stones
Armour
 e - a +0 robe (melded)
 s - a +0 pair of gloves (melded)
Jewellery
 Z - a ring of wizardry (left branch)
Scrolls
 g - a scroll of identify {@r1}
 k - a scroll of remove curse {@r2}
Potions
 i - a potion of mutation {!q}
 j - a potion of curing {@q1}
 o - 2 potions of degeneration {@e1}
 q - a potion of berserk rage {unknown}
 v - a potion of lignification
Comestibles
 f - 3 rations {@e1}
 l - a chunk of flesh


   Skills:
 - Level 2.6 Fighting
 - Level 3.6 Bows
 - Level 3.0 Dodging
 + Level 1.7 Spellcasting
 + Level 4.1 Hexes


You couldn't memorise any spells.
You knew the following spells:

 Your Spells              Type           Power        Failure   Level  Hunger
o - Portal Projectile     Hex/Tloc       #.....       9%          3    ###....
w - Corona                Hex            ###....      1%          1    #......
z - Slow                  Hex            ###.....     1%          2    ###....

Your spell library contained the following spells:

 Spells                   Type           Power        Failure   Level  Hunger
 Inner Flame              Hex/Fire       #.......     9%          3    ###....
 Cause Fear               Hex            ###.......   13%         4    #####..
 Leda's Liquefaction      Hex/Erth       #.........   28%         4    #####..


Dungeon Overview and Level Annotations

Branches:
Dungeon (3/15)

Altars:
Sif Muna
Trog

Annotations:
D:3 Ijyb, Robin


Message History

Ijyb screams, "It's all mine!"
Firing (i - inventory. (/) - cycle)
d - 25 arrows (quivered)
Press: ? - help, Shift-Dir - straight line, f/p - Ijyb
Aim: Ijyb, wearing a +0 scale mail and carrying a wand of acid (3) (heavily You shoot an arrow.
The arrow closely misses Ijyb.
The kobold shouts!
Firing (i - inventory. (/) - cycle)
d - 24 arrows (quivered)
Press: ? - help, Shift-Dir - straight line, f/p - Ijyb
Aim: Ijyb, wearing a +0 scale mail and carrying a wand of acid (3) (heavily You shoot an arrow.
The arrow hits Ijyb but does no damage.
Ijyb is heavily wounded.
Ijyb drinks a potion.
Ijyb seems to grow stronger.
Firing (i - inventory. (/) - cycle)
d - 23 arrows (quivered)
Press: ? - help, Shift-Dir - straight line, f/p - Ijyb
Aim: Ijyb, wearing a +0 scale mail and carrying a wand of acid (3) (heavily You shoot an arrow.
The arrow hits Ijyb but does no damage.
Ijyb is heavily wounded.
Ijyb zaps a wand.
Helpless, you fail to dodge the bolt of acid.
You die...

,,,,,,,,,,****░.......░░░░░░.░
,,,,,,,,,,,,,,+.............>░
,,,,,,,,,,****░.......░░░░░░.░
,,,,,,,,,,****░.......░░ ░.░
,,,,,,,,,,,,,,+........░ ░.░
,,,,******,***░........░ ░➘░
,,,,* *,* ░........░░ ░.░
,,,,******** ░.........░ ░.░
,,,,**,≈≈≈* ░.♣.......░***.░
,,,,*,≈≈≈*****░.g.......░,,,,*
,,,,+,,,_∩*░............░,*,,***
,,,+*,≈≈≈**░....➘.........,,,,,*
,,,***,≈≈≈*░░░.░K.......░.*,,,,*
,,,,,******,*░.░........░,*,*,,*
,,,,,,,,,,,,*░.➘........░,*,*,,**
,,,,,,,,,,,,*░░░➘.......*,*,*,,,*
,,,,,,,,,,,,****..?....,*,*,**,,*


You could see Ijyb and a kobold.

Vanquished Creatures
  5 adders (D:2)
  2 worms (D:2)
  A leopard gecko (D:1)
  6 giant cockroaches
  16 goblins
  2 hobgoblins (D:2)
  3 jackals
  4 kobolds (D:1)
  2 quokkas (D:2)
  4 bats
  5 frilled lizards
  6 rats
56 creatures vanquished.

Notes
Turn   | Place    | Note
-------+----------+-------------------------------------------
     0 | D:1      | utis the Deep Elf Arcane Marksman began the quest for the
                  | Orb.
     0 | D:1      | Reached XP level 1. HP: 11/11 MP: 5/5
   272 | D:1      | Reached XP level 2. HP: 16/16 MP: 6/6
  1327 | D:1      | Reached skill level 1 in Fighting
  1813 | D:1      | Learned a level 2 spell: Slow
  2060 | D:2      | Reached XP level 3. HP: 20/20 MP: 0/7
  2186 | D:2      | Found a bloodstained altar of Trog.
  3009 | D:2      | Reached XP level 4. HP: 22/27 MP: 4/8
  3963 | D:2      | Found a deep blue altar of Sif Muna.
  4160 | D:3      | Learned a level 3 spell: Portal Projectile
  4240 | D:3      | Noticed Robin
  4643 | D:3      | Noticed Ijyb
  4653 | D:3      | ...
  4659 | D:3      | Killed from afar by Ijyb

Vault maps used:
D:1:      sevenhm_arrival_forest_fort_small_3, serial_rivers,
          chequers_serial_rivers_small_3, chequers_serial_rivers_micro_e,
          chequers_serial_rivers_marsh, chequers_serial_rivers_micro_c,
          chequers_serial_rivers_micro_b, chequers_serial_rivers_room_a,
          chequers_decorated_corner
D:2:      lemuel_blue_sif_altar, overflow_temple_1_default, first_ration,
          minmay_misc_feat_five
D:3:      makhleb_grotto_becter, uniq_ijyb, uniq_robin

Skill      XL: |  1  2  3  4 |
---------------+-------------+-----
Bows           | 3 |  3.6
Fighting       | 1 2 |  2.6
Dodging        | 3 |  3.0
Spellcasting   | |  1.7
Hexes          | |  4.1

Action                   |  1- 3 |  4- 6 || total
-------------------------+-------+-------++-------
Melee: Club              |    46 |       ||    46
       Spear             |   136 |    99 ||   235
 Fire: Shortbow          |    21 |    11 ||    32
       Hunting sling     |       |    20 ||    20
Throw: Stone             |     6 |       ||     6
 Cast: Corona            |    11 |       ||    11
       Slow              |    21 |    12 ||    33
  Use: Scroll            |       |    10 ||    10
       Potion            |       |     1 ||     1
 Stab: Sleeping          |     1 |     1 ||     2
  Eat: Chunk             |     8 |     3 ||    11
       Ration            |       |     1 ||     1
Armor: Robe              |    30 |    12 ||    42
Dodge: Dodged            |   117 |    34 ||   151

Table legend:
 A = Non-vault XP
 B = Vault XP
 C = Vault XP percentage of total XP
 D = Non-vault monster count
 E = Vault monster count
 F = Vault count percentage of total count
                 A         B        C        D         E       F
            +---------+---------+-------+---------+---------+-------
      Total |     156 |       6 |   3.7 |      53 |       3 |   5.4
            +---------+---------+-------+---------+---------+-------
        D:1 |      40 |       0 |   0.0 |      24 |       0 |   0.0
        D:2 |     112 |       4 |   3.4 |      26 |       2 |   7.1
        D:3 |       4 |       2 |  33.3 |       3 |       1 |  25.0
            +---------+---------+-------+---------+---------+-------
